 Dungeon Crawl Stone Soup version 0.31.0-32-g396128a36d (webtiles) character file.

Game seed: 12657296950644975472

84 Peloso the Covered (level 4, -1/40 HPs)
             Began as a Minotaur Fighter on Mar 23, 2024.
             Slain by a jelly (2 damage)
             ... on level 3 of the Dungeon.
             The game lasted 00:04:11 (2675 turns).

Peloso the Covered (Minotaur Fighter)               Turns: 2675, Time: 00:04:11

Health: -1/40      AC: -1    Str: 21    XL:     4   Next: 24%
Magic:  3/3        EV:  9    Int:  5    God:
Gold:   139        SH:  4    Dex: 11    Spells: 3/3 levels left

rFire   . . .        a - +0 long sword
rCold   . . .        d - +0 buckler
rNeg    + . .        b - +0 scale mail
rPois   .            (helmet restricted)
rElec   .            (no cloak)
rCorr   .            (no gloves)
SInv    .            l - +2 pair of boots
Will    .....        (no amulet) Stlth
                     j - ring of positive energy
HPRegen 0.26/turn    (no ring)
MPRegen 0.08/turn

%: no passive effects
@: corroded
A: horns 2, retaliatory headbutt
a: no special abilities


You were on level 3 of the Dungeon.
You visited 1 branch of the dungeon, and saw 4 of its levels.

You collected 139 gold pieces.

Inventory:

Hand Weapons
 a - a +0 long sword (weapon)
Armour
 b - a +0 scale mail (worn)
 c - a +1 pair of boots
 d - a +0 buckler (worn)
 l - a +2 pair of boots (worn)
Jewellery
 j - a ring of positive energy (left hand)
 r - a ring of wizardry
Talismans
 v - a dragon-blood talisman
Wands
 p - a wand of paralysis (12)
Scrolls
 n - a scroll of teleportation
 q - a scroll of fear {unknown}
 t - a scroll of torment {unknown}
 x - a scroll of brand weapon {unknown}
Potions
 e - a potion of heal wounds
 f - a potion of curing
 h - a potion of berserk rage
 k - a potion of might
 o - a potion of brilliance
 u - a potion of lignification {unknown}
 w - a potion of haste {unknown}


   Skills:
 + Level 4.3 Fighting
 + Level 3.6 Long Blades
 + Level 4.3 Armour
 + Level 0.7 Dodging
 + Level 4.2 Shields


You had 3 spell levels left.
You didn't know any spells.
Your spell library contained the following spells:

 Spells                   Type           Power      Damage    Failure   Level
 Shock                    Conj/Air       0%         1d3       86%         1
 Dazzling Flash           Conj/Hex       0%         N/A       99%         3
 Mephitic Cloud           Conj/Alch/Air  0%         N/A       99%         3
 Swiftness                Air            0%         N/A       99%         3
 Airstrike                Air            0%         2d(0-16)  100%        4
 Curse of Agony           Necr           0%         N/A       100%        5
 Silence                  Hex/Air        0%         N/A       100%        5


Dungeon Overview and Level Annotations

Branches:
Dungeon (4/15)
 Temple: D:4-7

Altars:

Shops:
D:1 (


Innate Abilities, Weirdness & Mutations

You have a pair of horns on your head.
You reflexively headbutt those who attack you in melee.


Message History

Your surroundings suddenly seem different.
Done exploring.
Done exploring.
You start waiting.
You feel your willpower return.
You start waiting.
Done waiting.
What level of the Dungeon? (default 12, ? - help)
There is a stone staircase leading down here.
You climb downwards.
The hound barks!
The jelly quivers.
You hear a bark!
There is a stone staircase leading up here.
There are monsters nearby!
The jelly hits you but does no damage. The hound bites you but does no damage.
You climb upwards.
There is a stone staircase leading down here.
Unknown command.
You hit the jelly. The acid corrodes you!
Your hands burn!
You headbutt the jelly, but do no damage.
The jelly is lightly wounded.
The jelly closely misses you.
You hit the jelly.
Your hands burn!
The jelly is lightly wounded.
The jelly hits you.
You are splashed with acid!
You hit the jelly. The acid corrodes you!
Your hands burn!
You headbutt the jelly.
The jelly is heavily wounded.
The jelly hits you.
You are splashed with acid!
* * * LOW HITPOINT WARNING * * *
You hit the jelly. The acid corrodes you!
Your hands burn!
* * * LOW HITPOINT WARNING * * *
The jelly is severely wounded.
The jelly hits you.
* * * LOW HITPOINT WARNING * * *
You are splashed with acid.
* * * LOW HITPOINT WARNING * * *
The jelly hits you.
You die...

#.#.########.##.##.##
#...............##.#
#.#.######.....###.#
#.#.# #.#.#.# #.#
#####.#.# #.#.#.# #.#
...##.#.######.#.#.# #.#
##.##.#........#.#.# #.#
...#......######J#.# #.#
................@#.# #.#
...##.###.##.....#.# #.#
...................# #<#
...........#.....#.# #.#
....#.###..[.....### #.#
........#..#.#...#######
..###.###..#...........#
....#.##...#.#...#####.#
....#.##.###.#...# #.#


You could see a jelly.

Vanquished Creatures
  3 adders
  2 ribbon worms (D:2)
  5 ball pythons
  4 bats
  7 endoplasms
  3 giant cockroaches
  2 goblins
  7 hobgoblins
  3 quokkas
  2 frilled lizards (D:1)
  5 kobolds
  5 rats
48 creatures vanquished.

Notes
Turn   | Place    | Note
-------+----------+-------------------------------------------
     0 | D:1      | Peloso the Minotaur Fighter began the quest for the Orb.
     0 | D:1      | Reached XP level 1. HP: 19/19 MP: 0/0
   155 | D:1      | Found a faded altar of an unknown god.
   174 | D:1      | Reached XP level 2. HP: 27/27 MP: 1/1
   802 | D:1      | Found Biuzux's Weapon Boutique.
   973 | D:2      | Reached XP level 3. HP: 33/33 MP: 2/2
  1868 | D:3      | Reached XP level 4. HP: 39/40 MP: 3/3
  2675 | D:3      | HP: 1/40 [acid (6)]
  2675 | D:3      | Slain by a jelly

Illustrated notes

Levels and vault maps discovered:
D:1:      scummos_arrival_gate, layout_loops_corners,
          chequers_ecumenical_altar_island, serial_shops, shop,
          chequers_serial_rivers_room_a
D:2:      layout_loops_ring
D:3:      layout_basic
D:4:      layout_basic, mainiacjoe_overflow_small_starburst,
          minmay_temple_entry_slanted

Skill      XL: |  1  2  3 |
---------------+----------+-----
Fighting       | 4 |  4.3
Armour         | 4 |  4.3
Shields        | 4 |  4.2
Long Blades    | 3 |  3.6
Dodging        | |  0.7

Action                     |  1- 3 |  4- 6 || total
---------------------------+-------+-------++-------
  Melee: Long sword        |    96 |    16 ||   112
         Headbutt          |    19 |     4 ||    23
    Use: Potion            |     2 |       ||     2
         Scroll            |     3 |     5 ||     8
 Armour: Scale mail        |    83 |    12 ||    95
  Dodge: Dodged            |    47 |     6 ||    53
  Block: Buckler           |    22 |     1 ||    23
